 Dungeon Crawl Stone Soup version 0.27.0-1-g7a089689b8 (webtiles) character file.

Game seed: 3450994293140419978

24 horus123 the Skirmisher (level 2, -3/26 HPs)
             Began as a Demigod Fighter on Aug 17, 2021.
             Slain by a phantom (7 damage)
             ... on level 4 of the Dungeon.
             The game lasted 00:02:21 (1440 turns).

horus123 the Skirmisher (Demigod Fighter)           Turns: 1440, Time: 00:02:22

Health: -3/26      AC:  6    Str: 17    XL:     2   Next: 60%
Magic:  4/4        EV:  7    Int: 10    God:
Gold:   69         SH:  9    Dex: 13    Spells: 1/1 levels left

rFire    + . .     SeeInvis .   a - +0 war axe
rCold    . . .     Faith    .   c - +0 kite shield
rNeg     . . .     Spirit   .   b - +0 scale mail
rPois    .         Reflect  .   (no helmet)
rElec    .         Harm     .   (no cloak)
rCorr    .         Rampage  .   (no gloves)
Will     .....                  (no boots)
Stlth    ..........             (no amulet)
HPRegen  0.08/turn              g - ring of protection from fire
MPRegen  0.09/turn              (no ring)

@: no status effects
A: high mp 1, forlorn
a: no special abilities


You were on level 4 of the Dungeon.
You visited 1 branch of the dungeon, and saw 3 of its levels.

You collected 69 gold pieces.

Inventory:

Hand Weapons
 a - a +0 war axe (weapon)
Armour
 b - a +0 scale mail (worn)
 c - a +0 kite shield (worn)
Jewellery
 g - a ring of protection from fire (left hand)
Scrolls
 e - a scroll of teleportation {unknown}
 f - a scroll of identify {unknown}
 h - a scroll of fear {unknown}
Potions
 d - a potion of might


   Skills:
 + Level 3.1 Fighting
 + Level 2.0 Axes
 + Level 2.9 Armour
 + Level 2.9 Shields


You had one spell level left.
You didn't know any spells.
Your spell library contained the following spells:

 Spells                   Type           Power      Damage    Failure   Level
 Animate Skeleton         Necr           0%         N/A       99%         1
 Apportation              Tloc           0%         N/A       99%         1
 Corona                   Hex            0%         N/A       99%         1
 Summon Small Mammal      Summ           0%         N/A       99%         1


Dungeon Overview and Level Annotations

Branches:
Dungeon (2/15)


Innate Abilities, Weirdness & Mutations

Your attributes grow dramatically as you level up.
You have an increased reservoir of magic. (+10% MP)
You shall have no god before yourself.


Message History

You hit the phantom.
The phantom is heavily damaged.
The phantom hits you.
The phantom hits you but does no damage.
You miss the phantom.
The phantom is heavily damaged.
You block the phantom's attack.
You closely miss the phantom.
The phantom is heavily damaged.
The phantom hits you. The phantom barely misses you.
You miss the phantom.
The phantom is heavily damaged.
You block the phantom's attack. The phantom barely misses you.
You slash the phantom!
The phantom is severely damaged.
The phantom hits you but does no damage.
You hit the phantom.
The phantom is almost destroyed.
The phantom barely misses you. The phantom hits you.
You miss the phantom.
The phantom is almost destroyed.
The phantom hits you!
The phantom blinks!
You blink.
You block the phantom's attack.
You barely miss the phantom.
The phantom is almost destroyed.
The phantom hits you but does no damage.
You barely miss the phantom.
The phantom is severely damaged.
The phantom hits you but does no damage.
The phantom hits you!
* * * LOW HITPOINT WARNING * * *
You closely miss the phantom.
The phantom is severely damaged.
The phantom hits you.
* * * LOW HITPOINT WARNING * * *
The phantom blinks!
You blink.
Your scale mail prevents you from hitting the phantom.
The phantom is severely damaged.
You block the phantom's attack. The phantom hits you!
You die...

........# ..
........# ...
........####....
................
..............?..
..........####...
........#§## .
.......#)..##
#.......@...##
..)....)W⌠..##
#..#....†(...#
####.⌠.....⌠.#
#....>....#
#.#.......##
#.##.....## #
#######


You could see a phantom.

Vanquished Creatures
  5 endoplasms (D:1)
  A giant cockroach (D:1)
  A goblin (D:1)
  2 kobolds
  2 quokkas (D:1)
  3 ball pythons
  3 bats
  3 frilled lizards
  3 rats
23 creatures vanquished.

Notes
Turn   | Place    | Note
-------+----------+-------------------------------------------
     0 | D:1      | horus123 the Demigod Fighter began the quest for the Orb.
     0 | D:1      | Reached XP level 1. HP: 18/18 MP: 3/3
   240 | D:1      | Reached skill level 3 in Fighting
   489 | D:1      | Reached XP level 2. HP: 21/26 MP: 4/4
  1367 | D:2      | You fall into a shaft and drop 2 floors!
  1419 | D:4      | Noticed a phantom
  1440 | D:4      | Slain by a phantom

Illustrated notes

Levels and vault maps discovered:
D:1:      amcnicky_arrival_single_pillar, layout_basic,
          chequers_ecumenical_altar_twisty, feat_on_display
D:2:      layout_basic, uniq_natasha, uniq_jessica
D:4:      layout_cave_pods, minmay_temple_entry_grid, minmay_shop_damaged,
          minmay_misc_feat_chi, grunt_ministairs_9

Skill      XL: |  1  2 |
---------------+-------+-----
Fighting       | 3 |  3.1
Axes           | 2 |  2.0
Armour         | |  2.9
Shields        | |  2.9

Action                   || total
-------------------------++-------
Melee: War axe           ||    99
  Use: Scroll            ||     1
Armor: Scale mail        ||    43
Dodge: Dodged            ||    25
Block: Kite shield       ||    60
